 Dungeon Crawl Stone Soup version 0.30.1-9-gdf580d7c3d (webtiles) character file.

Game seed: 628054968483499257

52 ChiefBigBeans the Trooper (level 3, 0/29 HPs)
             Began as a Demonspawn Fighter on Oct 5, 2023.
             Slain by a hobgoblin (6 damage)
             ... led by Robin
             ... on level 2 of the Dungeon.
             The game lasted 00:01:31 (771 turns).

ChiefBigBeans the Trooper (Demonspawn Fighter)       Turns: 771, Time: 00:01:31

Health: 0/29       AC:  6    Str: 16    XL:     3   Next: 60%
Magic:  3/3        EV:  8    Int:  9    God:
Gold:   69         SH:  5    Dex: 14    Spells: 2/2 levels left

rFire   + . .        i - +1 whip (flame)
rCold   x . .        c - +0 buckler
rNeg    . . .        b - +0 scale mail
rPois   .            (helmet restricted)
rElec   .            (no cloak)
rCorr   .            (no gloves)
SInv    .            (no boots)
Will    .....        (no amulet) Stlth
                     e - ring of fire
HPRegen 0.24/turn    (no ring)
MPRegen 0.08/turn

%: no passive effects
@: no status effects
A: horns 2
a: no special abilities


You were on level 2 of the Dungeon.
You visited 1 branch of the dungeon, and saw 2 of its levels.

You collected 69 gold pieces.

Inventory:

Hand Weapons
 a - a +0 war axe
 i - a +1 whip of flaming (weapon)
Armour
 b - a +0 scale mail (worn)
 c - a +0 buckler (worn)
Jewellery
 e - a ring of fire (left hand)
Potions
 d - a potion of might
 l - 2 potions of heal wounds


   Skills:
 + Level 3.6 Fighting
 - Level 2.1(2.3) Axes
 + Level 1.0(1.7) Maces & Flails
 - Level 2.6 Armour
 + Level 3.2 Shields


You had 2 spell levels left.
You didn't know any spells.
Your spell library was empty.

Dungeon Overview and Level Annotations

Branches:
Dungeon (2/15)

Altars:

Annotations:
D:2 Robin


Innate Abilities, Weirdness & Mutations

You have a pair of horns on your head.


Message History

Robin throws the goblin at you! The goblin hits you with a +0 club.
You hit the goblin but do no damage. You headbutt the goblin.
The goblin is severely wounded.
The goblin hits you but does no damage. Robin throws the goblin at you!
The goblin closely misses you.
You hit the goblin. You burn the goblin.
You kill the goblin!
The goblin hits you with a +0 dagger. You block the goblin's attack.
Robin roars a battlecry!
The goblins go into a battle-frenzy!
The goblin hits you but does no damage.
You hit the goblin. You burn the goblin.
The goblin is heavily wounded.
The goblin completely misses you. The goblin hits you with a +0 dagger.
The hobgoblin hits you. The goblin hits you with a +0 club.
You block the goblin's attack.
You closely miss the goblin. You block the goblin's attack.
The goblin barely misses you. x2
The hobgoblin hits you but does no damage.
The goblin barely misses you.
You barely miss the goblin. You headbutt the goblin.
The goblin is severely wounded.
The goblin hits you with a +0 club. The goblin barely misses you.
You block the goblin's attack. The goblin hits you with a +0 club.
The hobgoblin misses you.
You completely miss the goblin.
The goblin is heavily wounded.
You block the goblin's attack. x2; The goblin barely misses you.
The hobgoblin hits you but does no damage.
You block the goblin's attack.
You barely miss the goblin.
The goblin is heavily wounded.
Robin laughs in a distinctly smug fashion.
The goblin barely misses you.
The goblin hits you but does no damage. x2
You block the goblin's attack.
The hobgoblin hits you but does no damage.
The goblin barely misses you. The goblin hits you with a +0 club.
* * * LOW HITPOINT WARNING * * *
The goblin barely misses you. The hobgoblin hits you.
You die... ....# #...# ....## .g.. ggg#

#gg# #gg# #@g#
#gg######
########........
.....)...######.
.######.........
#.#######.
.######.####
...........#
.######.##.##


You could see Robin, a hobgoblin (strong) and 9 goblins.

Vanquished Creatures
  An adder (D:2)
  2 dart slugs (D:1)
  4 ball pythons (D:1)
  4 giant cockroaches (D:1)
  2 goblins
  8 hobgoblins
  7 kobolds
  A quokka (D:1)
  A bat (D:1)
  2 rats
32 creatures vanquished.

Notes
Turn   | Place    | Note
-------+----------+-------------------------------------------
     0 | D:1      | ChiefBigBeans the Demonspawn Fighter began the quest for
                  | the Orb.
     0 | D:1      | Reached XP level 1. HP: 18/18 MP: 1/1
   183 | D:1      | Gained mutation: You have a pair of small horns on your
                  | head. [demonic ancestry]
   183 | D:1      | Reached XP level 2. HP: 24/24 MP: 2/2
   403 | D:1      | Gained mutation: You have a pair of horns on your head.
                  | [demonic ancestry]
   403 | D:1      | Reached XP level 3. HP: 29/29 MP: 3/3
   710 | D:2      | Reached skill level 1 in Maces & Flails
   763 | D:2      | Noticed Robin
   771 | D:2      | Slain by a hobgoblin

Illustrated notes

Levels and vault maps discovered:
D:1:      ldierk_walled_garden_2, layout_loops_ring, minmay_liquid_box,
          st_stairs_4
D:2:      layout_loops_ring, uniq_robin

Skill      XL: |  1  2  3 |
---------------+----------+-----
Axes           | 2 |  2.1
Shields        | 3 |  3.2
Maces & Flails | 1 |  1.0
Fighting       | |  3.6
Armour         | |  2.6

Action                     || total
---------------------------++-------
  Melee: War axe           ||    28
         Whip              ||    62
         Headbutt          ||     9
    Use: Scroll            ||     3
         Potion            ||     2
 Armour: Scale mail        ||    54
  Dodge: Dodged            ||    41
  Block: Buckler           ||    28
